 Dungeon Crawl Stone Soup version 0.27.1-35-g4d5d836560 (webtiles) character file.

Game seed: 7238168989318478883

114 Delamore the Sneak (level 4, -4/29 HPs)
             Began as an Octopode Brigand on Apr 18, 2022.
             Slain by Pikel (19 damage)
             ... on level 4 of the Dungeon.
             The game lasted 00:02:38 (4018 turns).

Delamore the Sneak (Octopode Brigand)               Turns: 4018, Time: 00:02:38

Health: -4/29      AC:  1    Str: 10    XL:     4   Next: 98%
Magic:  13/13      EV: 12    Int: 13    God:
Gold:   79         SH:  0    Dex: 14    Spells: 3/3 levels left

rFire    . . .     SeeInvis .   a - +2 dagger
rCold    . . .     Faith    .   (no shield)
rNeg     . . .     Spirit   .   (helmet restricted)
rPois    .         Reflect  .   (no amulet)
rElec    .         Harm     .   d - ring of magical power
rCorr    .         Rampage  .   (no ring)
Will     .....                  (no ring)
Stlth    +++++.....             (no ring)
HPRegen  0.09/turn              (no ring)
MPRegen  0.13/turn              (no ring)
                                (no ring)
                                (no ring)

@: no status effects
A: almost no armour, amphibious, 8 rings, camouflage 1, gelatinous body 1,
(nimble swimmer 1), tentacles
a: no special abilities


You were on level 4 of the Dungeon.
You visited 1 branch of the dungeon, and saw 4 of its levels.

You collected 79 gold pieces.

Inventory:

Hand Weapons
 a - a +2 dagger (weapon)
Missiles
 c - a curare-tipped dart (quivered)
 t - 4 boomerangs
Armour
 n - a +2 tower shield
Jewellery
 d - a ring of magical power (left tentacle)
 h - a ring of ice
Scrolls
 e - 3 scrolls of vulnerability
 k - 2 scrolls of noise
 o - a scroll of silence
 p - a scroll of teleportation
 q - a scroll of blinking
 r - a scroll of acquirement {unknown}
Potions
 f - 2 potions of heal wounds {unknown}
 g - a potion of invisibility {unknown}
 i - a potion of curing {unknown}
 j - a potion of cancellation {unknown}
 l - a potion of berserk rage {unknown}
 m - a potion of degeneration {unknown}
 s - a potion of flight {unknown}
 u - a potion of haste {unknown}


   Skills:
 - Level 2.0 Fighting
 * Level 3.4 Short Blades
 - Level 2.0 Throwing
 - Level 1.0 Dodging
 + Level 7.3 Stealth


You had 3 spell levels left.
You didn't know any spells.
Your spell library was empty.

Dungeon Overview and Level Annotations

Branches:
Dungeon (4/15)
 Temple: D:4-7

Altars:
Ru
Zin

Shops:
D:1 !

Annotations:
D:4 Pikel


Innate Abilities, Weirdness & Mutations

You cannot wear most types of armour.
You are amphibious.
You can wear up to eight rings at the same time.
Your skin changes colour to match your surroundings (Stealth+).
Your rubbery body absorbs attacks. (AC +1, EV +1)
((You are camouflaged near water. (Stealth+)))
You have tentacles for arms and can constrict up to eight enemies at once.


Message History

You throw a poisoned dart.
The poisoned dart closely misses the lemure.
You hit the lemure but do no damage. You grab the lemure.
You squeeze the lemure.
The lemure is moderately wounded.
You constrict the lemure. The lemure hits you!
You hit the lemure but do no damage.
The lemure is moderately wounded.
You constrict the lemure. The lemure completely misses you.
You hit the lemure.
The lemure is severely wounded.
You constrict the lemure, but do no damage.
The lemure closely misses you.
You hit the lemure.
The lemure is almost dead.
You constrict the lemure. You hit the lemure.
You kill the lemure!
That felt strangely unrewarding.
You start resting.
Pikel the Slaver comes into view.
He is wielding a +2 whip of electrocution.
You throw a poisoned dart. The poisoned dart hits Pikel.
Pikel is poisoned.
Pikel shouts!
You throw a poisoned dart. The poisoned dart closely misses Pikel.
Pikel says, "I knew I should've brought a map."
You throw a poisoned dart. The poisoned dart closely misses Pikel.
You throw a poisoned dart. The poisoned dart hits Pikel.
Pikel looks even sicker.
Pikel is lightly wounded.
You throw a poisoned dart. The poisoned dart hits Pikel.
Pikel looks even sicker.
Pikel is lightly wounded.
You throw a curare-tipped dart. The curare-tipped dart hits Pikel.
Pikel looks as sick as possible!
Pikel convulses.
Pikel seems to slow down.
Pikel is heavily wounded.
A lemure comes into view.
Pikel hits you with a +2 whip of electrocution!
You are electrocuted!!
Ouch! That really hurt!
You die...

### #(. #(#
#####(####
#........#
#........#
#....<...#####
#.....@K((..(###
#...........(...
#...........5####.
#.................
#.............###
#...............#
#...............#
#######.#.#.....#
#...#.....#


You could see Pikel (extremely poisoned, slow) and a lemure (wandering).

Vanquished Creatures
  A lemure (D:4)
  A bullfrog skeleton (D:3)
  2 adders (D:3)
  A worm (D:2)
  A dart slug (D:1)
  6 orcs (D:3)
  5 endoplasms
  7 giant cockroaches
  5 goblins
  5 hobgoblins
  4 quokkas
  A ball python (D:2)
  4 bats
  5 frilled lizards
  3 kobolds
  6 rats
57 creatures vanquished.

Notes
Turn   | Place    | Note
-------+----------+-------------------------------------------
     0 | D:1      | Delamore the Octopode Brigand began the quest for the Orb.
     0 | D:1      | Reached XP level 1. HP: 14/14 MP: 1/1
    94 | D:1      | Found a faded altar of an unknown god.
   115 | D:1      | Reached XP level 2. HP: 8/19 MP: 2/2
   747 | D:1      | Found Vocol's Distillery.
   771 | D:1      | Reached skill level 6 in Stealth
  1351 | D:2      | Found a sacrificial altar of Ru.
  1402 | D:2      | Reached XP level 3. HP: 23/24 MP: 3/3
  2549 | D:3      | Reached XP level 4. HP: 21/29 MP: 4/4
  2663 | D:3      | Reached skill level 7 in Stealth
  2871 | D:3      | Found a glowing silver altar of Zin.
  3965 | D:4      | Noticed a lemure
  3976 | D:4      | Killed a lemure
  4011 | D:4      | Noticed Pikel
  4018 | D:4      | Noticed a lemure
  4018 | D:4      | Slain by Pikel

Illustrated notes

Levels and vault maps discovered:
D:1:      lightli_arrival_farm, layout_basic, serial_rivers,
          chequers_serial_rivers_micro_d, chequers_serial_rivers_small_3,
          chequers_serial_rivers_small_a, chequers_serial_rivers_marsh,
          serial_shops, nicolae_shop_statue_plus,
          hellmonk_ecumenical_altar_zigzags
D:2:      layout_basic, basic_altar
D:3:      layout_basic, general_overflow_altar
D:4:      layout_basic, beargit_hepliaklqana_dungeon_heroes, serial_shops,
          nicolae_lakefront_shop, uniq_pikel, uniq_edmund

Skill      XL: |  1  2  3  4 |
---------------+-------------+-----
Stealth        | 6 7 |  7.3
Short Blades   | 3 |  3.4
Fighting       | |  2.0
Throwing       | |  2.0
Dodging        | |  1.0

Action                   |  1- 3 |  4- 6 || total
-------------------------+-------+-------++-------
Melee: Dagger            |    71 |    36 ||   107
       Constrict         |    15 |     8 ||    23
       Tentacles         |     8 |     8 ||    16
Throw: Dart              |       |     9 ||     9
  Use: Scroll            |     2 |     3 ||     5
 Stab: Sleeping          |    16 |     9 ||    25
       Distracted        |     1 |       ||     1
Armor: Skin              |     1 |     2 ||     3
Dodge: Dodged            |    29 |    11 ||    40
